 Dungeon Crawl Stone Soup version 0.20.1-1-g8b1a95d (webtiles) character file.

338 polve the Changer (level 6, 0/47 HPs)
             Began as a Draconian Transmuter on July 7, 2017.
             Slain by Grinder (2 damage)
             ... on level 3 of the Dungeon.
             The game lasted 00:03:44 (3316 turns).

polve the Changer (Draconian Transmuter)            Turns: 3316, Time: 00:03:45

Health: 0/47       AC:  2    Str: 12    XL:     6   Next: 29%
Magic:  6/9        EV: 19    Int: 16    God:
Gold:   49         SH:  0    Dex: 16    Spells: 3/9 levels left

rFire    . . .     SeeInvis .     - Unarmed
rCold    . . .     Gourm    .   (shield currently unavailable)
rNeg     . . .     Faith    .   (armour unavailable)
rPois    x         Spirit   .   (helmet currently unavailable)
rElec    .         Reflect  .   (cloak currently unavailable)
rCorr    .         Harm     .   (gloves currently unavailable)
MR       .....                  (boots currently unavailable)
Stlth    +.........             (no amulet)
Regen    0.2/turn               (no ring)
MPRegen  0.2/turn               (no ring)

@: spider-form
A: unfitting armour, AC +6
a: End Transformation


You were on level 3 of the Dungeon.
You were not hungry.
You were a venomous arachnid creature.
You visited 1 branch of the dungeon, and saw 3 of its levels.

You collected 49 gold pieces.

Inventory:

Hand Weapons
 g - a +0 short sword of freezing
 k - a +0 short sword of venom
Missiles
 a - 66 arrows (quivered)
Jewellery
 f - an uncursed ring of poison resistance {unknown}
Wands
 s - a wand of polymorph (9/24)
Scrolls
 e - 3 scrolls of identify {unknown}
 i - 3 scrolls of teleportation {unknown}
 m - a scroll of blinking {unknown}
 n - a scroll of noise {unknown}
 p - a scroll of fog {unknown}
 r - a scroll of recharging {unknown}
Potions
 j - a potion of lignification {unknown}
 l - a potion of heal wounds {unknown}
 o - a potion of degeneration {unknown}
Books
 b - a book of Changes

   Spells                             Type                      Level
   a - Beastly Appendage              Transmutation                1
   b - Sticks to Snakes               Transmutation                2
   c - Spider Form                    Transmutation/Poison         3
   d - Ice Form                       Ice/Transmutation            4
   e - Blade Hands                    Transmutation                5
Comestibles
 c - 4 bread rations
 h - a royal jelly
 q - 10 fruits


   Skills:
 - Level 1.1 Fighting
 - Level 1.7 Dodging
 - Level 3.0 Unarmed Combat
 - Level 2.0 Spellcasting
 + Level 6.7 Transmutations


You had 3 spell levels left.
You knew the following spells:

 Your Spells              Type           Power        Failure   Level  Hunger
a - Beastly Appendage     Tmut           ###...       6%          1    #......
b - Sticks to Snakes      Tmut           ###.....     8%          2    ###....
c - Spider Form           Tmut/Pois      ##........   34%         3    ###....


Dungeon Overview and Level Annotations

Branches:
Dungeon (3/15)

Altars:
Fedhas
The Shining One

Annotations:
D:3 Grinder


Innate Abilities, Weirdness & Mutations

((Your plain brown scales are hard. (AC +6)))
You cannot fit into any form of body armour.
((You are cold-blooded and may be slowed by cold attacks.))


Message History

The goblin shoots a stone.
The stone barely misses you.
The stone hits Grinder but does no damage.
Grinder closely misses you.
You hit Grinder.
Grinder is lightly wounded.
Grinder hits you!
* * * LOW HITPOINT WARNING * * *
You writhe in agony.
* * * LOW HITPOINT WARNING * * *
The goblin shoots a stone.
The stone misses you.
The stone barely misses Grinder.
You hit Grinder.
Grinder is moderately wounded.
Grinder closely misses you.
You completely miss Grinder.
Grinder is moderately wounded.
Grinder hits you!
* * * LOW HITPOINT WARNING * * *
You writhe in agony.
You die...

####### ###..... ..%..
#######.###### ##
...#.##)..)g.<.....# ..
..[._(5s####.......#.#)#
...#.#..# #...#<.)....#
.. ##.# #...........# .
..# #........[... ..#
#.######....# ...# ...?
.##.# ...#.##.# .# .#
....# .# # .#


You could see Grinder and a goblin.

Vanquished Creatures
  Sigmund (D:3)
  Terence (D:3)
  Robin (D:2)
  5 adders (D:2)
  2 adder skeletons (D:2)
  2 worms (D:2)
  4 dart slugs (D:1)
  A leopard gecko (D:1)
  An orc (D:2)
  A bat skeleton (D:2)
  A bat zombie (D:2)
  3 giant cockroaches
  15 goblins
  8 hobgoblins
  9 jackals
  4 kobolds
  2 quokkas (D:2)
  2 ball pythons
  9 bats
  5 frilled lizards
  A giant cockroach zombie (D:2)
  8 rats
86 creatures vanquished.

Notes
Turn   | Place    | Note
-------+----------+-------------------------------------------
     0 | D:1      | polve the Draconian Transmuter began the quest for the Orb.
     0 | D:1      | Reached XP level 1. HP: 16/16 MP: 3/3
    97 | D:1      | Reached XP level 2. HP: 23/23 MP: 5/5
   243 | D:1      | Reached skill level 3 in Transmutations
   247 | D:1      | Learned a level 2 spell: Sticks to Snakes
   650 | D:1      | Reached XP level 3. HP: 21/28 MP: 6/6
  1328 | D:2      | Reached skill level 4 in Transmutations
  1641 | D:2      | Reached XP level 4. HP: 35/35 MP: 5/7
  1878 | D:2      | Learned a level 3 spell: Spider Form
  2025 | D:2      | Noticed Robin
  2078 | D:2      | Reached skill level 5 in Transmutations
  2084 | D:2      | Killed Robin
  2340 | D:2      | Reached XP level 5. HP: 40/40 MP: 8/8
  2756 | D:2      | Found a blossoming altar of Fedhas.
  2993 | D:3      | Noticed Sigmund
  3030 | D:3      | Killed Sigmund
  3030 | D:3      | Reached skill level 6 in Transmutations
  3030 | D:3      | Reached XP level 6. HP: 9/47 MP: 6/9
  3284 | D:3      | Noticed Terence
  3288 | D:3      | Found a glowing golden altar of the Shining One.
  3296 | D:3      | Killed Terence
  3303 | D:3      | Noticed Grinder
  3307 | D:3      | Paralysed by Grinder for 6 turns
  3316 | D:3      | HP: 2/47 [Grinder (11)]
  3316 | D:3      | Slain by Grinder

Skill      XL: |  1  2  3  4  5 |
---------------+----------------+-----
Transmutations | 3 4 5 6 |  6.7
Fighting       | |  1.1
Dodging        | |  1.7
Unarmed Combat | |  3.0
Spellcasting   | |  2.0

Action                   |  1- 3 |  4- 6 || total
-------------------------+-------+-------++-------
Melee: Unarmed           |   174 |   189 ||   363
       Tailslap          |    25 |     8 ||    33
       Headbutt          |     3 |       ||     3
       Punch             |     3 |       ||     3
 Cast: Beastly Appendage |     4 |     1 ||     5
       Spider Form       |       |     6 ||     6
  Use: Potion            |     1 |     1 ||     2
 Stab: Distracted        |     1 |       ||     1
  Eat: Chunk             |     2 |     7 ||     9
Armor: Skin              |    96 |    63 ||   159
Dodge: Dodged            |   180 |   142 ||   322
